 Dungeon Sprint DCSS version 0.31-a0-536-ga3e2962e35 (webtiles) character file.

Game seed: 10675046534763966817

7100000 Conn the Infernalist (level 24, -34/204 HPs)
             Began as an Octopode Fire Elementalist on Aug 13, 2023.
             Was the Champion of Makhleb.
             Annihilated by a meat berserker
             ... wielding a +9 battleaxe
              (53 damage)
             ... in the Dungeon (Sprint VIII: "Arena of Blood").
             The game lasted 00:05:08 (71 turns).

Conn the Infernalist (Octopode Fire Elementalist)     Turns: 71, Time: 00:05:09

Health: -34/204    AC:  1    Str: 15    XL:     24   Next: 49%
Magic:  21/54      EV: 25    Int: 21    God:    Makhleb [******]
Gold:   0          SH:  0    Dex: 12    Spells: 76/77 levels left

rFire   . . .        g - +∞ Axe of Woe
rCold   . . .        (shield currently unavailable)
rNeg    . . .        (helmet restricted)
rPois   .            (no amulet)
rElec   .            h - +30 ring of slaying
rCorr   .            i - +30 ring of slaying
SInv    .            (no ring)
Will    +....        (no ring)
Stlth   +++++++      (no ring)
HPRegen 0.54/turn    (no ring)
MPRegen 0.34/turn    (no ring)
                     (no ring)

%: no teleportation
@: slowed, very slow
A: almost no armour, amphibious, 8 rings, camouflage 1, gelatinous body 1,
(nimble swimmer 1), tentacles
a: Renounce Religion, Minor Destruction, Lesser Servant of Makhleb, Major
Destruction, Greater Servant of Makhleb


You were in the Dungeon.
You worshipped Makhleb.
Makhleb was exalted by your worship.
You visited 1 branch

Inventory:

Hand Weapons
 g - the +∞ Axe of Woe (weapon)
   (You found it in the Dungeon)
Jewellery
 h - a +30 ring of slaying (left tentacle)
 i - a +30 ring of slaying (right tentacle)
Potions
 a - 3 potions of magic
 b - a potion of curing
 d - a potion of haste
 e - a potion of berserk rage


   Skills:
 O Level 27 Fighting
 + Level 16.5(19.0) Short Blades
 + Level 15.5(18.4) Long Blades
 O Level 27 Axes
 + Level 15.5(24.5) Maces & Flails
 + Level 15.5(24.5) Polearms
 + Level 15.5(20.2) Staves
 + Level 15.5 Ranged Weapons
 + Level 16.5 Throwing
 O Level 27 Dodging
 - Level 15.1 Stealth
 + Level 16.5 Shields
 + Level 16.5 Unarmed Combat
 O Level 27 Spellcasting
 O Level 27 Conjurations
 + Level 16.5 Hexes
 + Level 16.5 Summonings
 + Level 16.5 Necromancy
 + Level 16.5 Translocations
 + Level 16.5 Transmutations
 O Level 27 Fire Magic
 + Level 16.5 Ice Magic
 + Level 16.5 Air Magic
 + Level 16.5 Earth Magic
 + Level 19.4 Poison Magic
 O Level 27 Invocations
 + Level 17.9 Evocations
 + Level 14.1 Shapeshifting


You had 76 spell levels left.
You knew the following spells:

 Your Spells              Type           Power      Damage    Failure   Level
a - Foxfire               Conj/Fire      100%       2x1d9     0%          1

Your spell library contained the following spells:

 Spells                   Type           Power      Damage    Failure   Level
 Scorch                   Fire           100%       2d9       0%          2
 Inner Flame              Hex/Fire       88%        N/A       0%          3
 Volatile Blastmotes      Fire/Tloc      100%       2d18      0%          3
 Flame Wave               Conj/Fire      96%        2d20      0%          4


Dungeon Overview and Level Annotations

Branches:
Dungeon (1/1)

Altars:
Makhleb


Innate Abilities, Weirdness & Mutations

You cannot wear most types of armour.
You are amphibious.
You can wear up to eight rings at the same time.
Your skin changes colour to match your surroundings (Stealth+).
Your rubbery body absorbs attacks. (AC +1, EV +1)
((You are camouflaged when in or above water. (Stealth+)))
You have tentacles for arms and can constrict up to eight enemies at once.


Message History

You hear a shout! x2
Unknown command.
Press < or > to pray at altars.
Unknown command.
Press < or > to pray at altars.
A meat berserker and an eight-headed meat hydra come into view.
You hear a shout!
The meat beast is engulfed in blazing flames.
The meat berserker rages.
You hear a shout! x4
The accursed casts a spell at you. Something smites you!
You hear a shout! x3
The large bag of meat is engulfed in blazing flames.
You hear a shout! x3
The dread hits you!
You hear a shout! x2
The meat beast is engulfed in blazing flames.
A dread comes into view.
You hear a shout!
A meat berserker comes into view. It is wielding a +9 battleaxe.
The large bag of meat hits you with a +9 giant spiked club!!
* * * LOW HITPOINT WARNING * * *
The large bag of meat hits you with a +9 giant spiked club!!!
* * * LOW HITPOINT WARNING * * *
The meat berserker moves out of view.
You hear a shout!
You hear two shouts!
Items here: )) = ††.
Okay, then.
Unknown command.
Unknown command.
Blink to where?
Press: ? - help, Dir - move target A dread, 10 bags of meat, an eight-headed meat hydra, a sculptor of flesh, 2 tyrants, 2 meat beasts and 2 meat berserkers come into view.
As you read the scroll of blinking, it crumbles to dust.
The bag of meat shouts! x2; You hear a shout!
The bag of meat shouts!
You hear a shout!
The meat berserker shouts! x2; You hear a shout! x2
The tyrant shouts!
You hear a shout!
The meat berserker hits you with a +9 battleaxe!!!
You die...

##...# ............. #
.....#............. ..
.................. o#.
........D.......o zD#.
......#.....2.#
ooLWL#.....#...V...# .
O2#......###..X....###..
o2o...O@....))###oLM.o..
oo....#....)O)W§°☼OXoW..
..o.#..O...)#.§O2§#.....
##. .......#_)<§§# ...
#oo.....#...O.# .
..#........_......
...........###......
.......###..O ..###.
.... #... ..#


You could see 2 meat beasts, 2 tyrants, 2 eight-headed meat hydras, a sculptor
of flesh, a large abomination (summoned, wandering), 2 dreads, 5 meat berserkers
and 10 bags of meat.

Vanquished Creatures
  A hell beast (D)
  A royal mummy (D)
  Harold (D)
  5 vampire knights (D)
  22 ogres (D)
  2 two-headed ogres (D)
  A lich (D)
  A hydra (D)
  25 orcs (D)
59 creatures vanquished.

Notes
Turn   | Place    | Note
-------+----------+-------------------------------------------
     0 | D        | Found the +∞ Axe of Woe
     0 | D        | Conn the Octopode Fire Elementalist began the quest for the
                  | Orb.
     0 | D        | Reached XP level 1. HP: 11/11 MP: 3/3
     1 | D        | Noticed a meat berserker
     1 | D        | Noticed a bag of meat
     4 | D        | Became a worshipper of Makhleb the Destroyer
     5 | D        | Killed a meat berserker
     6 | D        | Reached skill level 5 in Axes
     6 | D        | Reached XP level 2. HP: 17/17 MP: 3/15
     6 | D        | Reached XP level 3. HP: 21/21 MP: 3/17
     6 | D        | Reached XP level 4. HP: 27/27 MP: 3/18
     6 | D        | Reached XP level 5. HP: 31/31 MP: 3/20
     6 | D        | Reached XP level 6. HP: 36/36 MP: 3/21
     6 | D        | Reached XP level 7. HP: 41/41 MP: 3/23
     6 | D        | Reached XP level 8. HP: 46/46 MP: 3/24
     6 | D        | Reached XP level 9. HP: 51/51 MP: 3/25
     6 | D        | Reached XP level 10. HP: 56/56 MP: 3/26
     6 | D        | Reached XP level 11. HP: 61/61 MP: 3/27
     6 | D        | Reached XP level 12. HP: 66/66 MP: 3/28
     6 | D        | Noticed a meat berserker
     8 | D        | Killed a meat berserker
     8 | D        | Reached * piety under Makhleb
     8 | D        | Noticed a meat berserker
     9 | D        | Reached skill level 15 in Stealth
     9 | D        | Reached XP level 13. HP: 71/71 MP: 3/31
     9 | D        | Noticed a bag of meat
     9 | D        | Noticed a bag of meat
    12 | D        | Noticed a bag of meat
    12 | D        | Noticed a bag of meat
    13 | D        | Noticed a bag of meat
    14 | D        | Noticed a meat berserker
    14 | D        | Noticed a bag of meat
    14 | D        | Noticed a bag of meat
    14 | D        | Noticed a meat berserker
    15 | D        | Killed a meat berserker
    15 | D        | Noticed a bag of meat
    15 | D        | Noticed a meat berserker
    15 | D        | Noticed a meat berserker
    16 | D        | Reached skill level 15 in Spellcasting
    16 | D        | Reached XP level 14. HP: 46/76 MP: 5/33
    16 | D        | Noticed a meat berserker
    16 | D        | Killed a bag of meat
    16 | D        | Noticed a bag of meat
    16 | D        | Noticed a bag of meat
    17 | D        | Reached skill level 27 in Fire Magic
    17 | D        | Killed a meat berserker
    17 | D        | Reached ** piety under Makhleb
    17 | D        | Killed a meat berserker
    17 | D        | Killed a meat berserker
    17 | D        | Noticed a meat berserker
    17 | D        | Noticed a meat berserker
    17 | D        | Noticed a meat berserker
    17 | D        | Noticed a meat berserker
    17 | D        | Noticed a meat berserker
    18 | D        | Reached skill level 5 in Fighting
    18 | D        | Reached XP level 15. HP: 92/92 MP: 5/38
    18 | D        | Reached *** piety under Makhleb
    18 | D        | Noticed a meat berserker
    19 | D        | Reached XP level 16. HP: 99/99 MP: 6/39
    21 | D        | Killed a meat berserker
    22 | D        | Killed a meat berserker
    22 | D        | Reached **** piety under Makhleb
    22 | D        | Killed a meat berserker
    23 | D        | Reached XP level 17. HP: 112/112 MP: 6/42
    23 | D        | Killed a meat berserker
    23 | D        | Killed a meat berserker
    24 | D        | Reached skill level 27 in Axes
    24 | D        | Killed a meat berserker
    24 | D        | Reached ***** piety under Makhleb
    25 | D        | Reached XP level 18. HP: 127/127 MP: 7/46
    25 | D        | Noticed a destroyer
    25 | D        | Killed a meat berserker
    26 | D        | Reached skill level 27 in Conjurations
    26 | D        | Killed a meat berserker
    26 | D        | Noticed a meat berserker
    27 | D        | Noticed The Servant
    27 | D        | Killed The Servant
    27 | D        | Noticed a meat berserker
    28 | D        | Reached skill level 27 in Spellcasting
    28 | D        | Reached XP level 19. HP: 156/156 MP: 8/50
    29 | D        | Reached skill level 27 in Dodging
    31 | D        | Reached skill level 27 in Fighting
    31 | D        | Reached ****** piety under Makhleb
    33 | D        | Reached XP level 20. HP: 177/177 MP: 9/51
    33 | D        | Noticed a destroyer
    34 | D        | Reached skill level 5 in Poison Magic
    34 | D        | Reached skill level 5 in Invocations
    34 | D        | Reached skill level 5 in Evocations
    34 | D        | Killed a meat berserker
    35 | D        | Reached skill level 5 in Short Blades
    35 | D        | Reached skill level 5 in Long Blades
    35 | D        | Reached skill level 5 in Maces & Flails
    35 | D        | Reached skill level 5 in Polearms
    35 | D        | Reached skill level 5 in Staves
    35 | D        | Reached skill level 5 in Ranged Weapons
    35 | D        | Reached skill level 5 in Throwing
    35 | D        | Reached skill level 5 in Shields
    35 | D        | Reached skill level 5 in Unarmed Combat
    35 | D        | Reached skill level 5 in Hexes
    35 | D        | Reached skill level 5 in Summonings
    35 | D        | Reached skill level 5 in Necromancy
    35 | D        | Reached skill level 5 in Translocations
    35 | D        | Reached skill level 5 in Transmutations
    35 | D        | Reached skill level 5 in Ice Magic
    35 | D        | Reached skill level 5 in Air Magic
    35 | D        | Reached skill level 5 in Earth Magic
    35 | D        | Killed a meat berserker
    35 | D        | Killed a destroyer
    36 | D        | Noticed a destroyer
    37 | D        | Noticed a destroyer
    37 | D        | Noticed a meat berserker
    37 | D        | Noticed a meat berserker
    38 | D        | Killed a destroyer
    39 | D        | Reached skill level 10 in Invocations
    39 | D        | Reached skill level 10 in Evocations
    39 | D        | Reached XP level 21. HP: 183/183 MP: 10/52
    39 | D        | Killed a destroyer
    40 | D        | Reached skill level 10 in Short Blades
    40 | D        | Reached skill level 10 in Throwing
    40 | D        | Reached skill level 10 in Shields
    40 | D        | Reached skill level 10 in Unarmed Combat
    40 | D        | Reached skill level 10 in Hexes
    40 | D        | Reached skill level 10 in Summonings
    40 | D        | Reached skill level 10 in Necromancy
    40 | D        | Reached skill level 10 in Translocations
    40 | D        | Reached skill level 10 in Transmutations
    40 | D        | Reached skill level 10 in Ice Magic
    40 | D        | Reached skill level 10 in Air Magic
    40 | D        | Reached skill level 10 in Earth Magic
    41 | D        | Noticed a destroyer
    42 | D        | Killed a destroyer
    43 | D        | Noticed an eight-headed meat hydra
    45 | D        | Killed a meat berserker
    46 | D        | Reached skill level 10 in Long Blades
    46 | D        | Reached skill level 10 in Maces & Flails
    46 | D        | Reached skill level 10 in Polearms
    46 | D        | Reached skill level 10 in Staves
    46 | D        | Reached skill level 10 in Ranged Weapons
    46 | D        | Reached XP level 22. HP: 154/190 MP: 12/53
    47 | D        | Reached skill level 10 in Shapeshifting
    52 | D        | Noticed a tyrant
    54 | D        | Noticed an accursed
    54 | D        | Killed a destroyer
    55 | D        | Reached skill level 15 in Poison Magic
    56 | D        | Killed a tyrant
    59 | D        | Killed an accursed
    60 | D        | Reached skill level 27 in Invocations
    60 | D        | Reached XP level 23. HP: 197/197 MP: 16/54
    60 | D        | Noticed a meat beast
    61 | D        | Noticed a large bag of meat
    62 | D        | Noticed an accursed
    62 | D        | Noticed a large bag of meat
    62 | D        | Noticed a tyrant
    63 | D        | Killed a meat beast
    64 | D        | Reached skill level 15 in Short Blades
    64 | D        | Reached skill level 15 in Throwing
    64 | D        | Reached skill level 15 in Shields
    64 | D        | Reached skill level 15 in Unarmed Combat
    64 | D        | Reached skill level 15 in Hexes
    64 | D        | Reached skill level 15 in Summonings
    64 | D        | Reached skill level 15 in Necromancy
    64 | D        | Reached skill level 15 in Translocations
    64 | D        | Reached skill level 15 in Transmutations
    64 | D        | Reached skill level 15 in Ice Magic
    64 | D        | Reached skill level 15 in Air Magic
    64 | D        | Reached skill level 15 in Earth Magic
    64 | D        | Reached XP level 24. HP: 119/204 MP: 18/54
    64 | D        | Noticed a large bag of meat
    67 | D        | Reached skill level 15 in Long Blades
    67 | D        | Reached skill level 15 in Maces & Flails
    67 | D        | Reached skill level 15 in Polearms
    67 | D        | Reached skill level 15 in Staves
    67 | D        | Reached skill level 15 in Ranged Weapons
    67 | D        | Killed a large bag of meat
    67 | D        | Noticed a meat beast
    69 | D        | Noticed a dread
    69 | D        | Killed a large bag of meat
    70 | D        | Noticed a dread
    71 | D        | Noticed a dread
    71 | D        | Noticed a meat beast
    71 | D        | Noticed a tyrant
    71 | D        | Noticed a tyrant
    71 | D        | Noticed a meat beast
    71 | D        | Annihilated by a meat berserker

Illustrated notes

Levels and vault maps discovered:
D:        meatsprint

Skill      XL: |  1  2  3  4  5  6  7  8  9 10 11 12 13 14 15 16 17 18 19 20 21 22 23 24 |
---------------+-------------------------------------------------------------------------+-----
Axes           | 5 6 9 19 25 27 | 27.0
Dodging        | 11 13 14 17 19 21 26 27 | 27.0
Stealth        | 13 15 | 15.1
Spellcasting   | 12 14 15 19 21 24 27 | 27.0
Conjurations   | 3 4 8 16 17 22 26 27 | 27.0
Fire Magic     | 21 24 26 27 | 27.0
Fighting       | 5 9 12 21 27 | 27.0
Short Blades   | 4 9 11 13 15 16 | 16.5
Long Blades    | 3 8 10 12 14 15 | 15.5
Maces & Flails | 3 8 10 12 14 15 | 15.5
Polearms       | 3 8 10 12 14 15 | 15.5
Staves         | 3 8 10 12 14 15 | 15.5
Ranged Weapons | 3 8 10 12 14 15 | 15.5
Throwing       | 4 9 11 13 15 16 | 16.5
Shields        | 4 9 11 13 15 16 | 16.5
Unarmed Combat | 4 9 11 13 15 16 | 16.5
Hexes          | 4 9 11 13 15 16 | 16.5
Summonings     | 4 9 11 13 15 16 | 16.5
Necromancy     | 4 9 11 13 15 16 | 16.5
Translocations | 4 9 11 13 15 16 | 16.5
Transmutations | 4 9 11 13 15 16 | 16.5
Ice Magic      | 4 9 11 13 15 16 | 16.5
Air Magic      | 4 9 11 13 15 16 | 16.5
Earth Magic    | 4 9 11 13 15 16 | 16.5
Poison Magic   | 4 11 13 16 18 19 | 19.4
Invocations    | 4 10 12 27 | 27.0
Evocations     | 4 10 12 14 16 17 | 17.9
Shapeshifting  | 3 7 9 11 13 14 | 14.1

Action                     |  1- 3 |  4- 6 |  7- 9 | 10-12 | 13-15 | 16-18 | 19-21 | 22-24 || total
---------------------------+-------+-------+-------+-------+-------+-------+-------+-------++-------
  Melee: Executioner's axe |     1 |       |       |     1 |     4 |     7 |    13 |    14 ||    40
 Invoke: Greater Servant o |       |       |       |       |       |       |       |     1 ||     1
    Use: Potion            |       |       |       |       |       |       |       |     1 ||     1
         Scroll            |       |       |       |       |       |       |       |     1 ||     1
  Dodge: Dodged            |       |       |       |       |       |       |       |     1 ||     1

Table legend: (Time is in decaauts)
 A = Elapsed time spent in this place.
 B = Non-inter-level travel time spent in this place.
 C = Inter-level travel time spent in this place.
 D = Time resting spent in this place.
 E = Time spent auto-exploring this place.
 F = Levels seen in this place.
 G = Mean time per level.
                   A        B        C        D        E       F      G
               +--------+--------+--------+--------+--------+-----+--------+
         Total |     66 |     66 |      0 |      0 |      0 |   1 |   66.0 |
       Dungeon |     66 |     66 |      0 |      0 |      0 |   1 |   66.0 |
               +--------+--------+--------+--------+--------+-----+--------+

Top non-repeatable levels by time:
       D: 66 daAuts
